 Dungeon Crawl Stone Soup version 0.27-a0-366-g8badd94918 (webtiles) character file.

Game seed: 11780999271822569745

1078 jestyr24 the Conjurer (level 8, -5/43 HPs)
             Began as a Deep Elf Conjurer on Feb 16, 2021.
             Was a Believer of Sif Muna.
             Shot with an arrow by a centaur (6 damage)
             ... on level 6 of the Dungeon.
             The game lasted 00:29:56 (5815 turns).

jestyr24 the Conjurer (Deep Elf Conjurer)           Turns: 5815, Time: 00:29:56

Health: -5/43      AC:  5    Str:  4    XL:     8   Next: 8%
Magic:  20/20      EV: 14    Int: 26    God:    Sif Muna [**....]
Gold:   317        SH:  0    Dex: 13    Spells: 18/21 levels left

rFire    . . .     SeeInvis .   w - +2 falchion (vorpal)
rCold    . . .     Faith    .   (no shield)
rNeg     . . .     Spirit   .   a - +0 robe
rPois    .         Reflect  .   (no helmet)
rElec    .         Harm     .   p - +1 cloak
rCorr    .         Rampage  .   y - +0 pair of gloves
Will     .....                  (no boots)
Stlth    +++.......             (no amulet)
HPRegen  0.14/turn              (no ring)
MPRegen  0.17/turn              (no ring)

@: no status effects
A: no striking features
a: Renounce Religion, Channel Magic


You were on level 6 of the Dungeon.
You worshipped Sif Muna.
Sif Muna was pleased with you.
You visited 1 branch of the dungeon, and saw 6 of its levels.

You collected 317 gold pieces.

Inventory:

Hand Weapons
 l - a +2 spear
 s - a +4 quarterstaff of chaos
 u - a +2 mace of holy wrath
 w - a +2 vorpal falchion (weapon)
Missiles
 g - 12 curare-tipped darts
 j - 23 poisoned darts
 A - 7 silver javelins
Armour
 a - a +0 robe (worn)
 p - a +1 cloak (worn)
 y - a +0 pair of gloves (worn)
Wands
 t - a wand of polymorph (7)
Scrolls
 e - 2 scrolls of teleportation {unknown}
 f - 2 scrolls of fog {unknown}
 i - 5 scrolls of identify {unknown}
 o - a scroll of enchant weapon {unknown}
 r - 4 scrolls of fear {unknown}
 x - 2 scrolls of enchant armour {unknown}
Potions
 b - 3 potions of brilliance {unknown}
 c - a potion of attraction {unknown}
 d - 2 potions of lignification {unknown}
 h - 7 potions of curing {unknown}
 k - 2 potions of haste {unknown}
 m - a potion of berserk rage {unknown}
 n - a potion of magic {unknown}
 q - 2 potions of heal wounds {unknown}
 v - 2 potions of degeneration {unknown}
 z - a potion of might {unknown}


   Skills:
 + Level 1.0 Fighting
 + Level 1.6(1.7) Polearms
 + Level 0.7(1.6) Staves
 + Level 4.1 Dodging
 + Level 5.6 Stealth
 + Level 7.0 Spellcasting
 + Level 7.5 Conjurations


You had 18 spell levels left.
You knew the following spells:

 Your Spells              Type           Power        Failure   Level
a - Magic Dart            Conj           100%         1%          1
b - Searing Ray           Conj           96%          1%          2

Your spell library contained the following spells:

 Spells                   Type           Power        Failure   Level
 Dazzling Flash           Conj/Hex       56%          4%          3
 Beastly Appendage        Tmut           18%          6%          1
 Fulminant Prism          Conj/Hex       14%          13%         4
 Iskenderun's Mystic Bla  Conj/Tloc      28%          13%         4


Dungeon Overview and Level Annotations

Branches:
Dungeon (6/15)             Temple (0/1) D:6

Altars:
Cheibriados
Dithmenos
Kikubaaqudgha
Nemelex Xobeh
Ru
Sif Muna
Trog
Wu Jian
Xom

Shops:
D:5 *


Message History

Your Fighting skill increases to level 1!
Casting: Searing Ray (safe; 1% risk of failure)
Confirm with . or Enter, or press ? or * to list all spells.
Aiming: Searing Ray (safe; 1% risk of failure)
Press: ? - help, Shift-Dir - straight line, f - howler monkey
Aim: a howler monkey (asleep, 0% to evade)
The searing ray hits the howler monkey!!
You kill the howler monkey!
Sif Muna accepts your kill. (Press . to maintain the ray.)
Found a pink potion.
You now have 317 gold pieces (gained 13).
k - 2 pink potions (gained 1)
An adder comes into view.
The adder hisses angrily.
Casting: Searing Ray (safe; 1% risk of failure)
Confirm with . or Enter, or press ? or * to list all spells.
Aiming: Searing Ray (safe; 1% risk of failure)
Press: ? - help, Shift-Dir - straight line, f - adder
Aim: an adder (28% to evade)
The searing ray hits the adder.
The adder is heavily wounded. (Press . to maintain the ray.)
The searing ray hits the adder!
You kill the adder!
Sif Muna accepts your kill.
Your Spellcasting skill increases to level 7!
Magic restored.
A centaur comes into view.
The centaur shouts!
The centaur wields a +1 shortbow of freezing.
It is covered in frost.
The centaur shoots an arrow.
The arrow hits you! The arrow freezes you.
The centaur shoots an arrow.
The arrow hits you. The arrow freezes you.
The centaur shoots an arrow.
The arrow closely misses you.
The centaur shoots an arrow.
The arrow hits you. The arrow freezes you.
The centaur shoots an arrow.
The arrow hits you!
* * * LOW HITPOINT WARNING * * *
The arrow freezes you.
You die...

### #.. #.# #.# #.#
####################.#
#....@...............#
#c#################..#
#..# ############..#
#.............#
#.######...#... #.#
#.#..... #.# #...#...
#.# #######.†.


You could see a centaur.

Vanquished Creatures
  Eustachio (D:5)
  An ice beast (D:6)
  An ogre (D:5)
  A howler monkey (D:6)
  A bullfrog zombie (D:6)
  2 orc priests (D:3)
  2 hounds
  2 jellies (D:6)
  Crazy Yiuf (D:4)
  A centaur skeleton (D:6)
  A bullfrog skeleton (D:5)
  4 orc wizards
  4 worker ants
  A gnoll (D:2)
  9 adders
  A shadow imp (D:5)
  A white imp (D:2)
  An ufetubus (D:5)
  2 worms
  2 dart slugs
  5 leopard geckos
  13 orcs
  A ball python (D:2)
  5 bats
  6 giant cockroaches
  4 hobgoblins
  9 jackals
  A kobold (D:1)
  4 quokkas
  7 frilled lizards
  5 goblins
  A jackal skeleton (D:5)
  A quokka zombie (D:6)
  7 rats
108 creatures vanquished.

Vanquished Creatures (others)
  A human (D:2)
1 creature vanquished.

Grand Total: 109 creatures vanquished

Notes
Turn   | Place    | Note
-------+----------+-------------------------------------------
     0 | D:1      | jestyr24 the Deep Elf Conjurer began the quest for the Orb.
     0 | D:1      | Reached XP level 1. HP: 10/10 MP: 6/6
   234 | D:1      | Reached XP level 2. HP: 15/15 MP: 5/8
   601 | D:2      | Reached skill level 5 in Conjurations
   740 | D:1      | Learned a level 2 spell: Searing Ray
   786 | D:2      | Reached XP level 3. HP: 16/19 MP: 0/9
  1039 | D:2      | Found a bloodstained altar of Trog.
  1196 | D:2      | Found a shimmering blue altar of Sif Muna.
  1199 | D:2      | Identified Sif Muna's Tome of Transmigration
  1202 | D:2      | Became a worshipper of Sif Muna the Loreminder
  1286 | D:2      | Reached XP level 4. HP: 24/24 MP: 7/11
  1809 | D:2      | Found an ancient bone altar of Kikubaaqudgha.
  1810 | D:2      | Noticed a human
  1812 | D:2      | Killed a human
  2005 | D:3      | Reached XP level 5. HP: 28/28 MP: 6/13
  2261 | D:3      | Reached skill level 5 in Spellcasting
  2543 | D:3      | Found a snail-covered altar of Cheibriados.
  2987 | D:3      | Reached * piety under Sif Muna
  3221 | D:4      | Found a runed translucent door.
  3222 | D:4      | Noticed Crazy Yiuf
  3228 | D:4      | Killed Crazy Yiuf
  3229 | D:4      | Reached XP level 6. HP: 32/32 MP: 10/15
  3783 | D:5      | Entered Level 5 of the Dungeon
  3783 | D:5      | Found a sparkling altar of Nemelex Xobeh.
  3783 | D:5      | Found a shadowy altar of Dithmenos.
  3783 | D:5      | Found an ornate altar of the Wu Jian Council.
  3927 | D:5      | Reached skill level 1 in Polearms
  4021 | D:5      | Found a shimmering altar of Xom.
  4022 | D:5      | Found a sacrificial altar of Ru.
  4041 | D:5      | Noticed Eustachio
  4071 | D:5      | Reached XP level 7. HP: 37/37 MP: 8/17
  4163 | D:5      | Killed Eustachio
  4501 | D:5      | Found Toorayh's General Store.
  4839 | D:5      | Reached skill level 5 in Stealth
  5380 | D:6      | Reached ** piety under Sif Muna
  5390 | D:6      | Found a staircase to the Ecumenical Temple.
  5566 | D:6      | Reached XP level 8. HP: 36/42 MP: 13/20
  5626 | D:6      | Reached skill level 1 in Fighting
  5815 | D:6      | HP: 1/43 [centaur/arrow (15)]
  5815 | D:6      | Shot with an arrow by a centaur

Illustrated notes

Levels and vault maps discovered:
D:1:      lemuel_arrival_broad_hall, layout_rooms
D:2:      minmay_chambers_of_ones, layout_rooms,
          nzn_overflow_gifts_of_might_and_magic, tgw_kikubaaqudgha
D:3:      layout_basic, cheibriados_altar_1, minmay_fountain_box
D:4:      layout_cave_pools, uniq_crazy_yiuf_cottage
D:5:      layout_basic, grunt_temple_overflow_open, serial_shops,
          kennysheep_little_box, uniq_eustachio
D:6:      layout_loops_ring, minmay_temple_entry_statues

Skill      XL: |  1  2  3  4  5  6  7  8 |
---------------+-------------------------+-----
Conjurations   | 5 6 7 |  7.5
Spellcasting   | 4 5 6 7 |  7.0
Stealth        | 3 4 5 |  5.6
Polearms       | 1 |  1.6
Dodging        | 3 4 |  4.1
Fighting       | 1 |  1.0
Staves         | |  0.7

Action                   |  1- 3 |  4- 6 |  7- 9 || total
-------------------------+-------+-------+-------++-------
Melee: Short sword       |     2 |       |       ||     2
       Spear             |       |    27 |       ||    27
       Quarterstaff      |       |     3 |       ||     3
       Falchion          |       |       |    12 ||    12
 Cast: Magic Dart        |    51 |    21 |       ||    72
       Searing Ray       |     2 |    31 |    32 ||    65
 Stab: Sleeping          |       |     3 |     1 ||     4
Armor: Robe              |     2 |    13 |     8 ||    23
Dodge: Dodged            |     5 |    27 |    22 ||    54
       Rpst.: Falchion   |       |       |     4 ||     4

Table legend: (Time is in decaauts)
 A = Elapsed time spent in this place.
 B = Non-inter-level travel time spent in this place.
 C = Inter-level travel time spent in this place.
 D = Time resting spent in this place.
 E = Time spent auto-exploring this place.
 F = Levels seen in this place.
 G = Mean time per level.
                   A        B        C        D        E       F      G
               +--------+--------+--------+--------+--------+-----+--------+
         Total |   5822 |   5659 |    163 |   1404 |   2942 |   6 |  970.3 |
       Dungeon |   5822 |   5659 |    163 |   1404 |   2942 |   6 |  970.3 |
               +--------+--------+--------+--------+--------+-----+--------+

Top non-repeatable levels by time:
     D:3: 1333 daAuts
     D:5: 1130 daAuts
     D:2: 1107 daAuts
     D:4: 799 daAuts
     D:1: 729 daAuts
     D:6: 723 daAuts
